[Event "ICC Open 2015"]
[Site "Internet Chess Club"]
[Date "2015.05.30"]
[Round "1"]
[White "CrossShark"]
[Black "nitishdas"]
[Result "1-0"]
[ICCResult "Black checkmated"]
[WhiteElo "2726"]
[BlackElo "1817"]
[Opening "Scandinavian (center counter) defense"]
[ECO "B01"]
[NIC "VO.17"]
[Time "14:04:23"]
[TimeControl "180+0"]

1. e4 d5 2. exd5 c6 3. dxc6 Nxc6 4. Nf3 Nf6 5. d4 Bg4 6. c3 e5 7. Be2 Bxf3
8. Bxf3 exd4 9. O-O dxc3 10. Qe1+ Be7 11. Qxc3 O-O 12. Be3 Nd5 13. Qb3 Nxe3
14. Qxe3 Bf6 15. Nc3 Re8 16. Qf4 Be5 17. Qa4 Qb6 18. Rab1 Rad8 19. Nd5 Qd4
20. Qb3 Qh4 21. g3 Qh6 22. Bg2 b6 23. Rfe1 Nd4 24. Qa4 b5 25. Qxa7 Re6 26.
Rbd1 Nf5 27. Ne7+ Nxe7 28. Rxd8# {Black checkmated} 1-0

[Event "ICC Open 2015"]
[Site "Internet Chess Club"]
[Date "2015.05.30"]
[Round "1"]
[White "Doondoon"]
[Black "jasrom"]
[Result "1-0"]
[ICCResult "Black checkmated"]
[WhiteElo "1788"]
[BlackElo "2533"]
[Opening "QGD: semi-Slav, Noteboom variation"]
[ECO "D31"]
[NIC "SL.06"]
[Time "14:04:46"]
[TimeControl "180+0"]

1. d4 d5 2. c4 e6 3. Nc3 c6 4. Nf3 dxc4 5. Bg5 Qc7 6. e4 b5 7. a4 Bb4 8. Be2
a6 9. O-O Bb7 10. Qc2 Nd7 11. e5 Ne7 12. Bxe7 Bxe7 13. h4 h6 14. Rad1 Nb6
15. Rfe1 Bb4 16. Nd2 O-O-O 17. axb5 cxb5 18. Ra1 Rxd4 19. Rec1 Qxe5 20. Nf3
Bxf3 21. Bxf3 Rxh4 22. g3 Rd4 23. Rxa6 Bc5 24. Nxb5 Rd3 25. b4 Qxg3+ 26. Bg2
Bxf2+ 27. Qxf2 Qxf2+ 28. Kxf2 Rd2+ 29. Kg1 Nd7 30. Ra8+ Nb8 31. Rxc4+ Kd7
32. Rc7+ Ke8 33. Rxb8+ Rd8 34. Nd6+ Kf8 35. Rxd8# {Black checkmated} 1-0

[Event "ICC Open 2015"]
[Site "Internet Chess Club"]
[Date "2015.05.30"]
[Round "1"]
[White "blackending"]
[Black "druskacik"]
[Result "0-1"]
[ICCResult "White resigns"]
[WhiteElo "1710"]
[BlackElo "2450"]
[Opening "Sicilian: accelerated fianchetto, modern variation"]
[ECO "B34"]
[NIC "SI.33"]
[Time "14:06:30"]
[TimeControl "180+0"]

1. e4 c5 2. Nf3 Nc6 3. d4 cxd4 4. Nxd4 g6 5. Nc3 Bg7 6. Be3 Nf6 7. Be2 O-O
8. O-O d5 9. exd5 Nb4 10. Bf3 Nfxd5 11. Nxd5 Nxd5 12. Bc1 e5 13. Nb3 Nf4 14.
Bxf4 exf4 15. c3 Qb6 16. Re1 Be6 17. Qc2 Rfd8 18. Rad1 Bf6 19. Nd4 Bxa2 20.
b3 Bxd4 21. Qxa2 Bxc3 22. Rxd8+ Rxd8 23. Rc1 Rd2 {White resigns} 0-1

[Event "ICC Open 2015"]
[Site "Internet Chess Club"]
[Date "2015.05.30"]
[Round "1"]
[White "Steingrim89"]
[Black "mockingbird"]
[Result "1/2-1/2"]
[ICCResult "White ran out of time and Black has no material to mate"]
[WhiteElo "1615"]
[BlackElo "2295"]
[Opening "Queen's bishop game"]
[ECO "D02"]
[NIC "QP.08"]
[Time "14:03:47"]
[TimeControl "180+0"]

1. d4 d5 2. Nf3 Nf6 3. Bf4 c5 4. c3 Qb6 5. Qb3 c4 6. Qxb6 axb6 7. a3 e6 8.
Nbd2 Nc6 9. e3 Be7 10. Be2 O-O 11. h3 Rd8 12. O-O Bd6 13. Bxd6 Rxd6 14. Bd1
Nd7 15. Bc2 e5 16. dxe5 Ndxe5 17. Nxe5 Nxe5 18. Rad1 Be6 19. Rfe1 Rad8 20.
f4 Nc6 21. Nf3 g6 22. Nd4 Kg7 23. Kf2 Ne7 24. Nxe6+ fxe6 25. g4 Nc6 26. Kf3
b5 27. Rd2 Nb8 28. Red1 Na6 29. Kg3 Nc5 30. Rd4 Kf7 31. g5 Ke7 32. Kg4 Na4
33. Bxa4 bxa4 34. h4 Rb6 35. R4d2 Rb5 36. Rh1 e5 37. h5 exf4 38. exf4 Rb6
39. hxg6 hxg6 40. Rh7+ Kd6 41. Re2 Kc5 42. Rg7 d4 43. cxd4+ Rxd4 44. Rc7+
Kb5 45. Re5+ Ka6 46. Rcc5 Rxb2 47. Ra5+ Kb6 48. Rxa4 Rf2 49. Re6+ Kc7 50.
Rf6 Rg2+ 51. Kf3 Rg1 52. Kf2 Rgd1 53. Rxg6 Rxf4+ 54. Ke3 Rfd4 55. Rg7+ Kc6
56. Rb4 R4d3+ 57. Ke2 c3 58. Rc4+ Kb5 59. Rgc7 R1d2+ 60. Ke1 Rh2 61. Rf4 Rg3
62. Rf1 Rgg2 63. Re7 Re2+ 64. Rxe2 Rh4 65. Kd1 Rc4 66. Kc2 Ka4 67. Re4 b5
68. Rxc4+ bxc4 69. Kxc3 Kxa3 70. Rf4 Ka4 71. Rxc4+ Ka5 72. Ra4+ Kb6 73. Kc4
Kc6 74. Ra5 Kd6 75. Ra4 Ke6 76. Ra3 Kf7 77. Ra2 Kg6 78. Ra6+ Kxg5 79. Ra5+
Kg4 80. Ra7 Kg3 81. Ra6 Kf2 82. Ra5 Ke2 83. Ra3 Kd2 84. Ra2+ Ke3 85. Ra1 Kf4
86. Re1 Kf5 87. Rg1 Kf6 88. Rf1+ Ke6 89. Re1+ Kd6
{White ran out of time and Black has no material to mate}
1/2-1/2

[Event "ICC Open 2015"]
[Site "Internet Chess Club"]
[Date "2015.05.30"]
[Round "1"]
[White "PCC"]
[Black "a-rubinstein"]
[Result "1-0"]
[ICCResult "Black checkmated"]
[WhiteElo "1782"]
[BlackElo "2135"]
[Opening "Old Benoni defense"]
[ECO "A43"]
[NIC "OI.09"]
[Time "14:04:06"]
[TimeControl "180+0"]

1. d4 c5 2. d5 g6 3. c4 Bg7 4. Nc3 Bxc3+ 5. bxc3 Qa5 6. Qc2 Nf6 7. Bd2 d6 8.
e4 Bd7 9. Bd3 Ba4 10. Qb2 Nbd7 11. Nf3 Nb6 12. O-O Nfd7 13. Rfe1 f6 14. Qa3
O-O-O 15. Rab1 Rdg8 16. Rb2 g5 17. Bf1 h5 18. Reb1 h4 19. Ne1 Ne5 20. Rxb6
axb6 21. Qc1 Bd7 22. Rb2 Qa4 23. Rxb6 Kc7 24. Qb1 Rb8 25. Nc2 Nxc4 26. Bxc4
Qxc4 27. Ne3 Qa4 28. c4 Qa7 29. Rb2 Ra8 30. h3 Rhb8 31. Nd1 Qa4 32. Qd3 Ra6
33. Nc3 Qa5 34. Nb5+ Bxb5 35. Bxa5+ Rxa5 36. cxb5 Rba8 37. Qf3 Rxa2 38. Rxa2
Rxa2 39. Qf5 Ra1+ 40. Kh2 Rb1 41. Qe6 Kd8 42. Qg8+ Kd7 43. Qe6+ Kd8 44. Qg8+
Kc7 45. Qe8 Rxb5 46. Qxb5 b6 47. f3 Kb7 48. Kg1 Kc7 49. Kf2 g4 50. Ke3 gxh3
51. gxh3 f5 52. f4 fxe4 53. Kxe4 Kb7 54. Kf5 Kc7 55. Ke6 c4 56. Qxc4+ Kb7
57. Qb5 Kc7 58. Kxe7 Kb7 59. Kxd6 Ka7 60. Kc6 Kb8 61. Qxb6+ Kc8 62. Qc7#
{Black checkmated}
1-0

[Event "ICC Open 2015"]
[Site "Internet Chess Club"]
[Date "2015.05.30"]
[Round "1"]
[White "burbur"]
[Black "tristanfran"]
[Result "1-0"]
[ICCResult "Black forfeits on time"]
[WhiteElo "2562"]
[BlackElo "1809"]
[Opening "Queen's pawn game"]
[ECO "D02"]
[NIC "QP.08"]
[Time "14:04:44"]
[TimeControl "180+0"]

1. d4 d5 2. Nf3 e6 3. g3 c5 4. Bg2 Nc6 5. O-O Nf6 6. c4 Be7 7. cxd5 exd5 8.
Nc3 Be6 9. Be3 O-O 10. dxc5 Qa5 11. Qa4 Qxa4 12. Nxa4 Rfd8 13. Nd4 Nxd4 14.
Bxd4 Ne4 15. Rfc1 Rac8 16. b4 Bd7 17. Nc3 Nxc3 18. Rxc3 b6 19. e3 bxc5 20.
bxc5 Bc6 21. Rb1 Rb8 22. Rcb3 Rxb3 23. axb3 Rb8 24. Bf1 Kf8 25. b4 Bb5 26.
Bxb5 Rxb5 27. Ra1 Rxb4 28. Rxa7 f6 29. Rd7 Kf7 30. Rxd5 Ke6 31. e4 Rc4 32.
g4 h6 33. Kf1 Rc1+ 34. Ke2 Rc2+ 35. Kd3 Rc1 36. h4 g6 37. h5 Rd1+ 38. Ke2
Rc1 39. hxg6 Rg1 40. Kf3 Rc1 41. Be3 Bf8 42. Bxc1 {Black forfeits on time}
1-0

[Event "ICC Open 2015"]
[Site "Internet Chess Club"]
[Date "2015.05.30"]
[Round "1"]
[White "SCORPION83"]
[Black "TheLoneKing1"]
[Result "1-0"]
[ICCResult "Black resigns"]
[WhiteElo "3092"]
[BlackElo "1958"]
[Opening "QGD: 6.Nf3"]
[ECO "D55"]
[NIC "QI.01"]
[Time "14:05:20"]
[TimeControl "180+0"]

1. d4 Nf6 2. c4 e6 3. Nf3 d5 4. Nc3 Be7 5. Bg5 O-O 6. e3 c6 7. Bd3 Nbd7 8.
O-O a6 9. Rc1 b5 10. c5 Bb7 11. b4 a5 12. a3 axb4 13. axb4 Re8 14. Qc2 Nf8
15. Ne5 Ng6 16. f4 Ra3 17. Ra1 Qa8 18. Qb2 Rxa1 19. Rxa1 Qc8 20. Qc2 Qc7 21.
h4 Rb8 22. h5 Nf8 23. h6 g6 24. Ra3 Qc8 25. Qf2 Ra8 26. Qa2 Rxa3 27. Qxa3
Qa8 28. Qxa8 Bxa8 29. Kf2 Bb7 30. Kf3 Bd8 31. Nb1 Be7 32. Nd2 Bd8 33. Nb3
Be7 34. Bxf6 Bxf6 35. Na5 Bc8 36. Nexc6 Nd7 37. Na7 Ba6 38. Bxb5 Bxb5 39.
Nxb5 Nb8 40. Na7 Bd8 41. N5c6 Nxc6 42. Nxc6 Bc7 43. b5 Kf8 44. b6
{Black resigns}
1-0

[Event "ICC Open 2015"]
[Site "Internet Chess Club"]
[Date "2015.05.30"]
[Round "1"]
[White "sceptic"]
[Black "Estocolmov"]
[Result "0-1"]
[ICCResult "White forfeits on time"]
[WhiteElo "1579"]
[BlackElo "2278"]
[Opening "Pirc: Austrian attack"]
[ECO "B09"]
[NIC "PU.07"]
[Time "14:04:32"]
[TimeControl "180+0"]

1. e4 d6 2. d4 Nf6 3. Nc3 g6 4. f4 c5 5. Be3 cxd4 6. Bxd4 Bg7 7. Nf3 Nc6 8.
Bb5 O-O 9. O-O Bg4 10. Be3 Bd7 11. h3 a6 12. Bd3 b5 13. a3 Rc8 14. g4 Na5
15. g5 Nh5 16. Kh2 Nc4 17. Bc1 Qb6 18. Qe2 e6 19. Rb1 Nxa3 20. bxa3 Rxc3 21.
Bb2 Rcc8 22. Bxg7 Nxg7 23. Nh4 f6 24. gxf6 Rxf6 25. f5 exf5 26. exf5 Re8 27.
Qg2 Bc6 28. Qg3 Re3 {White forfeits on time} 0-1

[Event "ICC Open 2015"]
[Site "Internet Chess Club"]
[Date "2015.05.30"]
[Round "1"]
[White "Kjaan1974"]
[Black "DropZone"]
[Result "0-1"]
[ICCResult "White forfeits on time"]
[WhiteElo "1394"]
[BlackElo "2102"]
[Opening "Sicilian: O'Kelly variation"]
[ECO "B28"]
[NIC "SI.43"]
[Time "14:04:57"]
[TimeControl "180+0"]

1. e4 c5 2. Nf3 a6 3. h3 b5 4. Be2 Bb7 5. d3 g6 6. O-O Bg7 7. c3 d6 8. Be3
Nf6 9. Qd2 Nbd7 10. a4 O-O 11. axb5 axb5 12. Rxa8 Qxa8 13. Na3 b4 14. cxb4
cxb4 15. Nc4 d5 16. exd5 Nxd5 17. Bh6 N7f6 18. Bxg7 Kxg7 19. Nfe5 h5 20. Bf3
Rd8 21. Re1 e6 22. g4 hxg4 23. hxg4 Rh8 24. g5 Nh5 25. d4 Nhf4 26. Bxd5 Nxd5
27. Nd6 Rf8 28. Nxb7 Qxb7 29. f3 Rd8 30. Kf2 Ne7 31. Qf4 Nf5 32. Rd1 Qa7 33.
Kg2 Rxd4 34. Rxd4 Qxd4 35. Qxd4 Nxd4 36. Nc4 Kf8 37. f4 Ke7 38. Kf2 Nc6 39.
Ke3 Kd7 40. Kd3 Ke7 41. Kc2 Nd4+ 42. Kd3 Nf5 43. Ke4 f6 44. gxf6+ Kxf6 45.
Kd3 g5 46. fxg5+ Kxg5 47. Ke4 Kf6 {White forfeits on time} 0-1

[Event "ICC Open 2015"]
[Site "Internet Chess Club"]
[Date "2015.05.30"]
[Round "1"]
[White "gmgattass"]
[Black "MD1"]
[Result "1-0"]
[ICCResult "Black checkmated"]
[WhiteElo "2329"]
[BlackElo "1614"]
[Opening "Sicilian: Labourdonnais-Löwenthal variation"]
[ECO "B32"]
[NIC "SI.32"]
[Time "14:04:42"]
[TimeControl "180+0"]

1. e4 c5 2. Nf3 Nc6 3. d4 cxd4 4. Nxd4 e5 5. Nb3 Nf6 6. Bc4 Bc5 7. Nc3 O-O
8. O-O b6 9. Bg5 Be7 10. Bxf6 Bxf6 11. Nd5 d6 12. Nxf6+ Qxf6 13. Bd5 Bd7 14.
c3 Rac8 15. Nd2 Ne7 16. Bc4 b5 17. Bb3 a5 18. Qe2 a4 19. Bc2 Rfe8 20. Bd3
Rb8 21. b3 d5 22. Rfe1 Bc6 23. exd5 Nxd5 24. Ne4 Qh6 25. Qc2 Nf4 26. Bf1 Qg6
27. Rac1 Bxe4 28. Rxe4 f5 29. Rb4 e4 30. g3 e3 31. Rxf4 exf2+ 32. Qxf2 Rf8
33. c4 bxc4 34. Bxc4+ Kh8 35. bxa4 h5 36. Bb3 Rfd8 37. Re1 Qf6 38. Rxf5 Qd4
39. Rxh5# {Black checkmated} 1-0

[Event "ICC Open 2015"]
[Site "Internet Chess Club"]
[Date "2015.05.30"]
[Round "1"]
[White "ShadowLike"]
[Black "EbbeK"]
[Result "1-0"]
[ICCResult "Black forfeits on time"]
[WhiteElo "2232"]
[BlackElo "1490"]
[Opening "Giuoco piano"]
[ECO "C55"]
[NIC "IG.01"]
[Time "14:04:21"]
[TimeControl "180+0"]

1. e4 e5 2. Nf3 Nc6 3. Bc4 Nf6 4. O-O Bc5 5. d4 Bxd4 6. Nxd4 Nxd4 7. Bg5 d6
8. f4 Bg4 9. Qc1 O-O 10. fxe5 dxe5 11. Bxf6 gxf6 12. c3 Ne2+ 13. Bxe2 Bxe2
14. Rf2 Bh5 15. Nd2 Qd3 16. Qe1 Bg6 17. Rf3 Qd6 18. Kh1 Rad8 19. Nc4 Qc6 20.
Ne3 Qxe4 21. Qg3 Rd3 22. Raf1 Rfd8 23. Ng4 Rxf3 24. gxf3 Qf5 25. Nh6+ Kh8
26. Nxf5 Bxf5 27. Rg1 Bg6 28. Qh4 Rd3 29. Qxf6+ Kg8 30. Qxe5 Rxf3 31. Qe8+
Kg7 32. Qe5+ Rf6 33. Rf1 Be4+ 34. Kg1 {Black forfeits on time} 1-0

[Event "ICC Open 2015"]
[Site "Internet Chess Club"]
[Date "2015.05.30"]
[Round "1"]
[White "kingmate"]
[Black "Gruble"]
[Result "0-1"]
[ICCResult "White forfeits on time"]
[WhiteElo "2586"]
[BlackElo "1798"]
[Opening "Pirc defense"]
[ECO "B07"]
[NIC "PU.08"]
[Time "14:03:57"]
[TimeControl "180+0"]

1. e4 d6 2. d4 Nf6 3. Nc3 Nbd7 4. h3 e5 5. Nf3 Be7 6. Be2 O-O 7. O-O c6 8.
a4 a5 9. Be3 Re8 10. Qd2 Bf8 11. Rfd1 Qc7 12. d5 Nc5 13. Bxc5 dxc5 14. d6
Qd8 15. Bc4 Be6 16. Nxe5 Bxc4 17. Nxc4 Nxe4 18. Nxe4 Rxe4 19. Qc3 Qh4 20. b3
Rd4 21. Rxd4 cxd4 22. Qd3 Qf6 23. Rd1 Bxd6 24. Qxd4 Qxd4 25. Rxd4 Bc5 26.
Rd7 b5 27. Ne5 bxa4 28. bxa4 f6 29. Nxc6 Rc8 30. Nxa5 Bb4 31. Nb3 Rxc2 32.
Rb7 Be1 33. f3 Bf2+ 34. Kh2 h5 35. a5 h4 36. a6 Bg3+ 37. Kg1 Re2 38. Nd2
Rxd2 39. Rb1 Ra2 40. Rd1 Rxa6 41. Kf1 Ra2 42. Rc1 Rf2+ 43. Kg1 Re2 44. Rf1
Re1 45. Rxe1 Bxe1 46. Kf1 Bg3 47. Ke2 Kf7 48. Ke3 Ke6 49. Ke4 g6 50. Kd4 f5
51. Ke3 Ke5 52. Kd3 g5 53. Ke2 Kd4 54. Kd2 f4 55. Ke2 Kc3 56. Kf1 Kd2 57.
Kg1 Ke2 58. Kh1 Ke3 59. Kg1 Bf2+ 60. Kh2 Bg3+ 61. Kh1 Ke2 62. Kg1 Ke1 63.
Kh1 Ke2 {White forfeits on time} 0-1

[Event "ICC Open 2015"]
[Site "Internet Chess Club"]
[Date "2015.05.30"]
[Round "1"]
[White "podkarpacki"]
[Black "chessrex"]
[Result "1/2-1/2"]
[ICCResult "White ran out of time and Black has no material to mate"]
[WhiteElo "1451"]
[BlackElo "2172"]
[Opening "Réti: Herrström gambit"]
[ECO "A04"]
[NIC "QP.11"]
[Time "14:04:35"]
[TimeControl "180+0"]

1. Nf3 g5 2. Nxg5 e5 3. d4 h6 4. Nf3 e4 5. Nfd2 f5 6. Nb3 Nf6 7. Bf4 d6 8.
e3 Be6 9. c4 c6 10. Be2 Bf7 11. O-O Nbd7 12. Nc3 Nb6 13. d5 c5 14. Rb1 Nbd7
15. Nb5 Ne5 16. Nxc5 dxc5 17. Bxe5 Rc8 18. d6 Be6 19. Nc7+ Rxc7 20. dxc7 Qe7
21. Qd8+ Qxd8 22. cxd8=Q+ Kxd8 23. Bxf6+ Kc7 24. Bxh8 Bd6 25. Bg7 a6 26.
Bxh6 Be5 27. Bf4 Bxf4 28. exf4 Kd6 29. h4 Ke7 30. h5 Kf6 31. g4 fxg4 32. Kg2
Kf5 33. Kg3 Kf6 34. Rbd1 Ke7 35. Rh1 Bg8 36. Bxg4 Kf6 37. h6 Bh7 38. Rd6+
Kf7 39. Rd7+ Kg8 40. Rxh7 Kxh7 41. f5 e3 42. Kf4 exf2 43. Kg5 b5 44. cxb5
axb5 45. Rf1 c4 46. Rxf2 c3 47. bxc3 b4 48. cxb4 Kg8 49. Kg6 Kf8 50. h7 Ke7
51. f6+ Kd6 52. h8=Q Kd5 53. Qe8 Kc4 54. Rd2 Kc3 55. Qd7 Kc4 56. a4 Kb3 57.
b5 Kb4 58. a5 Kxa5 59. b6 Kb4 60. Qd5 Ka4
{White ran out of time and Black has no material to mate}
1/2-1/2

[Event "ICC Open 2015"]
[Site "Internet Chess Club"]
[Date "2015.05.30"]
[Round "1"]
[White "Redbaron"]
[Black "Hareaum"]
[Result "1-0"]
[ICCResult "Black checkmated"]
[WhiteElo "2551"]
[BlackElo "1744"]
[Opening "QGD Slav: 3.Nf3"]
[ECO "D11"]
[NIC "SL.01"]
[Time "14:05:11"]
[TimeControl "180+0"]

1. d4 d5 2. c4 c6 3. Nf3 Nf6 4. Qc2 g6 5. g3 Bf5 6. Qb3 Qb6 7. Nbd2 Qxb3 8.
axb3 Be4 9. Nxe4 Nxe4 10. Bg2 e6 11. O-O Bg7 12. e3 Nd7 13. Nd2 f5 14. f3
Nef6 15. c5 Kf7 16. f4 Ne4 17. Nf3 h6 18. b4 a6 19. Nd2 g5 20. Nb3 g4 21.
Bxe4 dxe4 22. Kg2 Nf6 23. Bd2 Nd5 24. Na5 Rhb8 25. Nc4 Ra7 26. Nd6+ Kg6 27.
b5 cxb5 28. Nxb5 Raa8 29. Na3 Rc8 30. Nc4 Rab8 31. Ba5 Rc6 32. Kf2 h5 33.
Rh1 b6 34. Bxb6 Nxb6 35. Nxb6 h4 36. Rxa6 h3 37. b4 Bf8 38. Rha1 Rb7 39. Ke2
Be7 40. Kd2 Bd8 41. b5 Rcc7 42. Rb1 Rd7 43. Nc4 Rdc7 44. Kc2 Rc8 45. Nd6
Rcb8 46. Nxb7 Rxb7 47. b6 Be7 48. c6 Rb8 49. b7 Bd6 50. Ra8 Bc7 51. Rxb8
Bxb8 52. c7 Bxc7 53. b8=Q Bxb8 54. Rxb8 e5 55. dxe5 Kh5 56. e6 Kg6 57. e7
Kg7 58. e8=Q Kh7 59. Qf7+ Kh6 60. Rh8# {Black checkmated} 1-0

[Event "ICC Open 2015"]
[Site "Internet Chess Club"]
[Date "2015.05.30"]
[Round "1"]
[White "Kempka"]
[Black "la8pv"]
[Result "1-0"]
[ICCResult "Black forfeits on time"]
[WhiteElo "2743"]
[BlackElo "1827"]
[Opening "Dutch"]
[ECO "A80"]
[NIC "HD.12"]
[Time "14:04:35"]
[TimeControl "180+0"]

1. d4 f5 2. Nf3 Nf6 3. c4 e6 4. e3 d5 5. Nc3 c6 6. Be2 Bd6 7. O-O O-O 8. Ne5
Nbd7 9. f4 Ne4 10. Nxe4 fxe4 11. Bd2 Nxe5 12. fxe5 Be7 13. Rxf8+ Qxf8 14.
Qb3 g6 15. Rf1 Qg7 16. Bb4 b6 17. Bg4 Bd7 18. Qa3 Bg5 19. Bd6 Qh6 20. Re1
Qh4 21. Rf1 Qxg4 22. Qc3 Qe2 23. Re1 Qd3 24. cxd5 cxd5 25. Qc7 Qb5 26. Qb7
Rc8 27. Qxa7 Qc6 28. Qa6 Ra8 29. Qf1 Qc2 30. Re2 Qd3 31. Qe1 Bb5 32. Rf2
Bxe3 33. h3 Bxf2+ 34. Qxf2 Rc8 35. Kh2 e3 36. Qf6 Qf5 37. Qh4 e2 38. Bb4 Qf1
39. Qg4 e1=Q 40. Qxe6+ Kg7 41. Bxe1 Rc1 42. Qe7+ Kg8 43. Qd8+ Kg7 44. Qe7+
Kg8 45. Qe6+ Kg7 46. Bd2 Qh1+ 47. Kg3 Qd1 48. Qe7+ Kg8 49. Qd8+ Kg7 50. Qe7+
Kg8 51. Bh6 {Black forfeits on time} 1-0

[Event "ICC Open 2015"]
[Site "Internet Chess Club"]
[Date "2015.05.30"]
[Round "1"]
[White "Cinzento"]
[Black "Valai"]
[Result "0-1"]
[ICCResult "White forfeits on time"]
[WhiteElo "1743"]
[BlackElo "2529"]
[Opening "Robatsch (modern) defense"]
[ECO "B06"]
[NIC "KF.06"]
[Time "14:05:22"]
[TimeControl "180+0"]

1. e4 g6 2. f4 d5 3. exd5 Nf6 4. Bb5+ c6 5. dxc6 Nxc6 6. d4 Qd5 7. Nc3 Qxg2
8. Qf3 Qxf3 9. Nxf3 Bd7 10. Be3 Ng4 11. Bg1 a6 12. Bc4 Rc8 13. Bd5 Nb4 14.
O-O-O Rxc3 15. Bxf7+ Kxf7 16. bxc3 Nd5 17. h3 Nxc3 18. hxg4 Nxd1 19. Ne5+
Ke8 20. Kxd1 Be6 21. a3 Bg7 22. Bf2 Bxe5 23. dxe5 Bxg4+ 24. Kd2 Kf7 25. Ke3
h5 26. Rb1 b5 27. Bh4 b4 28. axb4 Rc8 29. Kd2 Bf5 30. Rb2 Rc4 31. Bg5 Ke6
32. c3 Kd5 33. Ra2 Rc6 34. Ra5+ Kc4 35. Bxe7 Kb3 36. Bg5 Rc7
{White forfeits on time}
0-1

[Event "ICC Open 2015"]
[Site "Internet Chess Club"]
[Date "2015.05.30"]
[Round "1"]
[White "A4-H5"]
[Black "littlecaesar"]
[Result "0-1"]
[ICCResult "White checkmated"]
[WhiteElo "1719"]
[BlackElo "2504"]
[Opening "Torre attack (Tartakower variation)"]
[ECO "D03"]
[NIC "QP.08"]
[Time "14:04:35"]
[TimeControl "180+0"]

1. d4 d5 2. Nf3 Nf6 3. Bg5 c5 4. e3 Ne4 5. Bf4 Nc6 6. Nbd2 Bf5 7. Nxe4 dxe4
8. Nh4 e6 9. Nxf5 exf5 10. dxc5 Qa5+ 11. c3 Rd8 12. Bd6 Bxd6 13. cxd6 O-O
14. Be2 Qe5 15. d7 Qe6 16. O-O Rxd7 17. Qc2 Rfd8 18. Rad1 Qxa2 19. Rxd7 Rxd7
20. Bb5 g6 21. Bxc6 bxc6 22. h4 Rd3 23. h5 gxh5 24. Qe2 Qe6 25. Qxh5 Rd2 26.
Rd1 Rxb2 27. Rd8+ Kg7 28. Qg5+ Qg6 29. Qe7 Rb1+ 30. Kh2 Qh5+ 31. Kg3 Qg4+
32. Kh2 Qh5+ 33. Kg3 Qg6+ 34. Kf4 Qg4+ 35. Ke5 Rb5+ 36. Kd4 Qd1+ 37. Kc4
Qb3+ 38. Kd4 Rd5+ 39. Rxd5 Qxd5# {White checkmated} 0-1

[Event "ICC Open 2015"]
[Site "Internet Chess Club"]
[Date "2015.05.30"]
[Round "1"]
[White "Jack-Daniels"]
[Black "Rinazina46"]
[Result "1-0"]
[ICCResult "Black resigns"]
[WhiteElo "2906"]
[BlackElo "1885"]
[Opening "King's Indian: fianchetto, Simagin variation"]
[ECO "E62"]
[NIC "KI.72"]
[Time "14:04:55"]
[TimeControl "180+0"]

1. d4 Nf6 2. c4 g6 3. g3 Bg7 4. Bg2 d6 5. Nc3 O-O 6. Nf3 Nc6 7. O-O Bg4 8.
h3 Bxf3 9. Bxf3 Nd7 10. e3 e5 11. dxe5 Ndxe5 12. Be2 Qd7 13. Kg2 Na5 14. Qd5
Nac6 15. f4 Nb4 16. Qe4 Nec6 17. Nd5 Rae8 18. Qf3 Na6 19. Rb1 Nc5 20. Bd2
Ne4 21. Be1 Nf6 22. Bc3 Nxd5 23. cxd5 Ne7 24. Bxg7 Kxg7 25. e4 c5 26. dxc6
Nxc6 27. Rbd1 Qe7 28. Qc3+ Kg8 29. Bf3 Rc8 30. Qd2 Rcd8 31. Rfe1 h5 32. Kh2
h4 33. g4 g5 34. fxg5 Ne5 35. Bg2 f6 36. gxf6 Qxf6 37. Rf1 Qe7 38. Rf5 Rxf5
39. exf5 Kh8 40. Qh6+ Kg8 41. Bd5+ Nf7 42. Qg6+ Kf8 43. Qxf7+ Qxf7 44. Bxf7
Kxf7 45. Kg2 Kf6 46. Kf3 Ke5 47. Re1+ Kd4 48. Kf4 d5 49. f6 Kc4 50. g5 d4
51. g6 d3 52. g7 d2 53. Rd1 Kd3 54. f7 Rd4+ 55. Kf5 {Black resigns} 1-0

[Event "ICC Open 2015"]
[Site "Internet Chess Club"]
[Date "2015.05.30"]
[Round "1"]
[White "plotkin"]
[Black "Svinotigr"]
[Result "1-0"]
[ICCResult "Black resigns"]
[WhiteElo "2347"]
[BlackElo "1643"]
[Opening "King's pawn opening"]
[ECO "B07"]
[NIC "VO.17"]
[Time "14:05:12"]
[TimeControl "180+0"]

1. e4 d6 2. d4 Nd7 3. Nc3 e5 4. dxe5 dxe5 5. Nf3 g6 6. Bc4 Bg7 7. O-O Ngf6
8. Bg5 O-O 9. Qd2 Re8 10. Rad1 Qe7 11. Nd5 Qd8 12. Rfe1 c6 13. Nxf6+ Bxf6
14. Be3 Qe7 15. Qd6 Qxd6 16. Rxd6 Kg7 17. Red1 Nf8 18. Bh6+ Kxh6 19. Rxf6
Be6 20. Nxe5 Kg7 21. Rf4 g5 22. Rf3 f6 23. Bxe6 Rxe6 24. Nd3 Rxe4 25. Nc5
Re7 26. Re3 Rae8 27. Rxe7+ Rxe7 28. Kf1 h5 29. Re1 Rxe1+ 30. Kxe1 b6 31. Nb3
Ne6 32. g3 c5 33. Ke2 f5 34. Kd3 Kf6 35. Kc4 Nc7 36. a4 Ke5 37. f3 a6 38.
Nd2 Kd6 39. Kd3 Kd5 40. c4+ Kd6 41. Ke3 Ne6 42. h4 gxh4 43. gxh4 Ke5 44. f4+
Kd6 45. Nf1 Nd4 46. Ng3 Nc2+ 47. Kd2 Nd4 48. Nxh5 b5 49. axb5 axb5 50. cxb5
Nxb5 51. Ng7 Nd4 52. h5 Ke7 53. Kd3 Kf7 54. h6 Kg6 55. b4 Kxh6 56. bxc5 Nc6
57. Nxf5+ Kg6 58. Nd4 Kf6 59. Nxc6 {Black resigns} 1-0

[Event "ICC Open 2015"]
[Site "Internet Chess Club"]
[Date "2015.05.30"]
[Round "1"]
[White "GeneraLisimus"]
[Black "Gibhor"]
[Result "1-0"]
[ICCResult "Black forfeits on time"]
[WhiteElo "3241"]
[BlackElo "1980"]
[Opening "Sicilian: Najdorf, 7.f4"]
[ECO "B96"]
[NIC "SI.06"]
[Time "14:04:44"]
[TimeControl "180+0"]

1. e4 c5 2. Nf3 d6 3. d4 cxd4 4. Nxd4 Nf6 5. Nc3 a6 6. Bg5 e6 7. f4 Nbd7 8.
Qe2 Be7 9. O-O-O Qc7 10. Nf3 h6 11. Bh4 Nc5 12. e5 dxe5 13. fxe5 Ng8 14. Bg3
b5 15. Qe3 Bb7 16. Kb1 b4 17. Ne2 Ne4 18. Ned4 Nxg3 19. hxg3 Bc5 20. Qf4 Ne7
21. Bd3 O-O-O 22. Nb3 Nd5 23. Qd2 Bb6 24. Rhe1 Kb8 25. Qc1 Rc8 26. Be4 Rhd8
27. Rd3 Bf2 28. Re2 Bxg3 29. Bxd5 Rxd5 30. Rxd5 Bxd5 31. Qd2 Bxb3 32. axb3
Qc5 33. Re4 Rc7 34. Rxb4+ Ka7 35. Rc4 Qb6 36. Rxc7+ Qxc7 37. Qd4+ Qb6 38.
Qd7+ Qb7 39. Qd2 Qb6 40. b4 Bf2 41. c4 Be3 42. Qc3 Bg5 43. c5 Qc6 44. Qd3
Qd5 45. Qxd5 exd5 46. Kc2 Kb7 47. Kd3 Kc6 48. Nd4+ Kd7 49. b5 axb5 50. b4
Bf4 51. Nxb5 Bxe5 52. Na3 Bc7 53. Nc2 f5 54. Nd4 g6 55. b5 Bb8 56. b6 Kc8
57. c6 Bc7 58. bxc7 Kxc7 59. Kc3 g5 60. Kb4 f4 61. Kc5 g4 62. Nb5+ Kc8 63.
Kd6 f3 64. gxf3 Kb8 65. Na7 {Black forfeits on time} 1-0

[Event "ICC Open 2015"]
[Site "Internet Chess Club"]
[Date "2015.05.30"]
[Round "1"]
[White "eddington"]
[Black "NICO"]
[Result "0-1"]
[ICCResult "White forfeits on time"]
[WhiteElo "2155"]
[BlackElo "1982"]
[Opening "Sicilian: dragon, classical, Réti-Tartakower variation"]
[ECO "B74"]
[NIC "SI.15"]
[Time "14:04:25"]
[TimeControl "180+0"]

1. e4 c5 2. Nf3 d6 3. d4 cxd4 4. Nxd4 Nf6 5. Nc3 g6 6. Be2 Bg7 7. O-O Nc6 8.
Be3 O-O 9. Nb3 Be6 10. f4 Qc8 11. Bf3 Rd8 12. Qe2 d5 13. exd5 Nxd5 14. Nxd5
Bxd5 15. Rad1 Bxf3 16. Qxf3 Bxb2 17. h3 Bg7 18. Kh1 Rxd1 19. Rxd1 Qc7 20.
Nc5 b6 21. Na6 Qc8 22. Qe2 Na5 23. Qf3 Qc6 24. Qxc6 Nxc6 25. Rd7 Rd8 26. Rc7
Na5 27. Rxa7 Nc4 28. Rxe7 Bf8 29. Re4 Nxe3 30. Rxe3 Ra8 31. Nc7 Rxa2 32. c3
Rd2 33. Ne8 h5 34. Nf6+ Kg7 35. Ne8+ Kg8 36. c4 Bc5 37. Re1 Rd4 38. Nf6+ Kg7
39. Ne8+ Kh8 40. f5 gxf5 41. Re5 Rd1+ 42. Kh2 h4 43. Rd5 Bg1+ 44. Kh1 Bd4+
45. Kh2 Bg1+ 46. Kh1 Rxd5 47. cxd5 Bc5 48. Nc7 Kg8 49. Ne8 Kf8 50. Nf6 Ke7
51. Nh5 Kd6 52. Kh2 Kxd5 53. Nf6+ Kd4 54. Nd7 b5 55. Nb8 b4 56. Nc6+ Kc3 57.
Nd8 b3 58. Nxf7 b2 59. Ng5 b1=Q 60. Nf3 Kd3 61. Nxh4 Ke3 62. Nf3 Kf4
{White forfeits on time}
0-1